 Dungeon Crawl Stone Soup version 0.20-a0-261-gcb1eca7 (webtiles) character file.

15415 AlphabetPasta the Cleaver (level 12, 0/110 HPs)
             Began as a Deep Dwarf Chaos Knight on Dec 3, 2016.
             Slain by a blink frog (10 damage)
             ... on level 1 of the Lair of Beasts.
             The game lasted 00:49:27 (8562 turns).

AlphabetPasta the Cleaver (Deep Dwarf Chaos Knight) Turns: 8562, Time: 00:49:28

Health: 0/110      AC: 19    Str: 19      XL:     12   Next: 1%
Magic:  15/15      EV:  9    Int: 20 (21) God:    Xom [..*...]
Gold:   605        SH:  0    Dex: 11 (12) Spells: 11/11 levels left

rFire  + + .     SeeInvis +     a - +0 broad axe
rCold  . . .     Gourm    .     C - +1 plate armour of Manger {rPois Int+6 SInv} (curse)
rNeg   . . .     Faith    .     (no shield)
rPois  +         Spirit   .     i - +0 helmet
rElec  .         Reflect  .     N - +0 cloak
rCorr  .         Harm     .     u - +0 pair of gloves
MR     ++...     Rnd*Tele +     (no boots)
Stlth  ..........               (no amulet)
                                L - ring of teleportation (curse)
                                I - ring of protection from fire

@: non-regenerating
A: damage resistance, recharge devices, deterioration 1, fire resistance 1,
magic resistance 1, sense surroundings 2, screaming 1, slow regeneration 3
a: Device Recharging, Renounce Religion


You were on level 1 of the Lair of Beasts.
You worshipped Xom.
You were a toy of Xom.
You were hungry.

You visited 2 branches of the dungeon, and saw 11 of its levels.
You also visited: Sewer and Bailey.

You collected 633 gold pieces.
You spent 28 gold pieces at shops.

Inventory:

Hand Weapons
 a - a +0 broad axe (weapon)
 b - a +0 arbalest of freezing
 c - a +4 flail of holy wrath
 o - a +0 morningstar
 w - a +1 war axe
 B - a +1 hand axe of chaos
 K - a +0 hand crossbow
Missiles
 e - 52 bolts
 y - 13 tomahawks of returning (quivered)
Armour
 i - a +0 helmet (worn)
 l - a +0 chain mail
 u - a +0 pair of gloves (worn)
 C - the cursed +1 plate armour of Manger (worn) {rPois Int+6 SInv}
   (You found it in a bailey)

   It affects your intelligence (+6).
   It protects you from poison.
   It lets you see invisible.
   It has a curse placed upon it.
 N - a +0 cloak (worn)
Jewellery
 I - a ring of protection from fire (left hand)
 L - a cursed ring of teleportation (right hand)
Wands
 p - a wand of heal wounds (4/9)
 s - a wand of confusion (18/48)
 t - a wand of iceblast (0/15)
 H - a wand of slowing (19/48)
 J - a wand of acid (5/15)
 M - a wand of flame (22/48)
Scrolls
 f - 9 scrolls of teleportation
 h - 2 scrolls of fog
 j - a scroll of identify
 k - 6 scrolls of remove curse
 m - a scroll of blinking
 n - a scroll of magic mapping
 q - a scroll of fear
 G - a scroll of enchant armour
Potions
 r - a potion of agility
 x - a potion of resistance
 z - a potion of flight
 A - 2 potions of curing
 F - 2 potions of brilliance
Miscellaneous
 D - a lamp of fire (inert)
Comestibles
 d - 4 bread rations
 g - 3 meat rations
 v - 25 fruits
 E - 2 royal jellies
 O - 8 chunks of flesh


   Skills:
 + Level 8.0 Fighting
 * Level 11.8 Axes
 * Level 10.5 Crossbows
 + Level 9.1 Armour
 + Level 7.2 Dodging
 + Level 7.6 Evocations


You had 11 spell levels left.
You didn't know any spells.

Dungeon Overview and Level Annotations

Branches:
Dungeon (10/15)            Temple (0/1) D:4            Lair (1/6) D:10
    Orc: D:9-12

Altars:
Cheibriados
Dithmenos
Gozag
Okawaru
Ru
Trog
Xom
Yredelemnul
The Shining One
Jiyva

Shops:
D:5 =


Innate Abilities, Weirdness & Mutations

You are resistant to damage.
You can recharge devices by infusing magical energy.
You passively map the area around you.
You do not regenerate.
Your body sometimes deteriorates upon taking damage.
Your flesh is heat resistant. (rF+)
You are resistant to hostile enchantments. (MR+)
You occasionally shout uncontrollably at your foes.


Message History

* * * LOW HITPOINT WARNING * * *
You hit the blink frog.
The blink frog is moderately wounded.
The blink frog hits you!
* * * LOW HITPOINT WARNING * * *
You hit the blink frog but do no damage.
The blink frog is moderately wounded.
Xom plays with reality for a moment.
A chill wind blows around you. The blink frog hits you!
* * * LOW HITPOINT WARNING * * *
You hit the blink frog.
The blink frog is moderately wounded.
The blink frog hits you but does no damage. x2
Your ice beast misses the blink frog.
You slash the blink frog!
The blink frog is heavily wounded.
Something hits your ice beast but does no damage.
The blink frog hits you!
You die... "It's all fun and games until someone loses an eye."

*
##.......#.....
,,
#....._........
* F
#.#...#.#.####.
, #........## ##
, * ##.......# *
##....###..# *
#..#.......# , *
###...........#
*
#@#........#..#*
P
##FY#.F8.8.....
* ,
#..#.......#..#
,, ,
+(.#...8...#...,
* ,,
,...#.......# ,
* .#...#.8.8.. ,
P * *
##.....,.... *,
, , P.(.(. ,, ,
* * ###..#. , ,,


You could see a blink frog and a friendly ice beast.

Vanquished Creatures
  An orc warlord (Bailey)
  2 spiny frogs (Lair:1)
  2 hornets (D:9)
  A hippogriff (D:10)
  2 blink frogs (Lair:1)
  A wyvern (D:9)
  Edmund (D:4)
  2 hell hounds (D:10)
  2 sky beasts (D:9)
  3 orc warriors
  3 black bears
  A necrophage (D:9)
  2 phantoms
  2 ogres
  3 centaurs
  A wolf (D:10)
  A crocodile (D:7)
  2 big kobolds
  5 bullfrogs
  A gnoll sergeant (D:5)
  2 scorpions
  A water moccasin skeleton (D:7)
  A howler monkey (D:6)
  A crimson imp (D:7)
  A quasit (D:8)
  2 centaur skeletons
  6 orc priests
  3 hounds
  7 jellies
  A bullfrog skeleton (D:8)
  4 orc wizards
  2 iguanas
  3 worker ants
  2 hound zombies
  A hound skeleton (D:4)
  9 gnolls
  18 adders
  2 shadow imps (D:9)
  9 oozes
  An adder zombie (D:5)
  A worm (D:2)
  5 dart slugs
  17 leopard geckos
  32 orcs
  14 ball pythons
  18 giant cockroaches
  7 goblins
  7 hobgoblins
  9 jackals
  39 kobolds
  5 quokkas
  7 bats
  16 frilled lizards
  A leopard gecko skeleton (D:6)
  A quokka skeleton (D:6)
  4 rats
  4 plants (D:7)
301 creatures vanquished.

Vanquished Creatures (collateral kills)
  Grum (D:10)
  2 wolves (D:10)
  A centaur (D:8)
  A hound (D:8)
  An ooze (Sewer)
  A leopard gecko (Sewer)
  A giant cockroach (Sewer)
  A ball python (Sewer)
  A frilled lizard (Sewer)
10 creatures vanquished.

Vanquished Creatures (others)
  The ghost of wearedevo the Fighter, a novice HOMo of Elyvilon (D:8)
  A water moccasin (Lair:1)
  An orc (D:10)
  A quokka (D:7)
4 creatures vanquished.

Grand Total: 315 creatures vanquished

Notes
Turn   | Place    | Note
-------+----------+-------------------------------------------
     0 | D:1      | AlphabetPasta the Deep Dwarf Chaos Knight began the quest for the Orb.
     0 | D:1      | Reached XP level 1. HP: 20/20 MP: 1/1
   211 | D:1      | Reached XP level 2. HP: 24/27 MP: 2/2
   606 | D:1      | XOM: divination: detect items
   781 | D:2      | Reached XP level 3. HP: 23/33 MP: 3/3
   952 | D:2      | Reached skill level 4 in Axes
  1108 | D:2      | Found a snail-covered altar of Cheibriados.
  1292 | D:3      | Reached XP level 4. HP: 24/42 MP: 4/4
  1364 | D:3      | XOM: noise
  1399 | D:3      | XOM: harmless Chrm miscast
  1436 | D:3      | Found a glowing drain.
  1461 | Sewer    | Entered a sewer
  1463 | Sewer    | Reached XP level 5. HP: 39/49 MP: 5/5
  1523 | Sewer    | Reached skill level 5 in Axes
  1773 | Sewer    | Reached XP level 6. HP: 43/56 MP: 6/6
  1852 | Sewer    | Reached skill level 1 in Evocations
  1854 | Sewer    | XOM: potion effect (brilliance)
  2076 | D:3      | Reached skill level 6 in Axes
  2326 | D:3      | XOM: harmless Tloc miscast
  2340 | D:3      | XOM: harmless Hex miscast
  2439 | D:3      | XOM: noise
  2449 | D:3      | Reached XP level 7. HP: 48/63 MP: 8/8
  2661 | D:4      | XOM: divination: magic mapping
  2664 | D:4      | XOM: potion effect (brilliance)
  2672 | D:4      | XOM: mild Air miscast
  2717 | D:4      | Noticed Edmund
  2729 | D:4      | XOM: harmless Chrm miscast
  2747 | D:4      | XOM: divination: magic mapping
  2753 | D:4      | Killed Edmund
  2798 | D:4      | XOM: silly message
  2872 | D:4      | XOM: harmless Tmut miscast
  2933 | D:4      | XOM: harmless Tmut miscast
  3091 | D:4      | XOM: enchant monster (bad)
  3093 | D:4      | XOM: cast spell 'Alistair's Intoxication'
  3109 | D:4      | XOM: confuse monster(s)
  3119 | D:4      | Reached skill level 7 in Axes
  3171 | D:4      | XOM: mild Fire miscast
  3321 | D:4      | Found a staircase to the Ecumenical Temple.
  3403 | D:5      | Entered Level 5 of the Dungeon
  3483 | D:5      | HP: 2/66 [centaur (4)]
  3494 | D:5      | Reached XP level 8. HP: 39/73 MP: 10/10
  3593 | D:5      | Gained mutation: Your spells are a little easier to cast, but a little less powerful. [potion of mutation]
  3593 | D:5      | Gained mutation: You are frail. (-10% HP) [potion of mutation]
  3593 | D:5      | Gained mutation: You have sharp toenails. [potion of mutation]
  3729 | D:5      | Found Sura's Jewellery Shoppe.
  3750 | D:5      | Bought a cursed amulet of inaccuracy for 28 gold pieces
  3774 | D:5      | Lost mutation: Your spells are a little easier to cast, but a little less powerful. [potion of cure mutation]
  3774 | D:5      | Lost mutation: You are frail. (-10% HP) [potion of cure mutation]
  3774 | D:5      | Lost mutation: You have sharp toenails. [potion of cure mutation]
  3776 | D:5      | Found a bloodstained altar of Trog.
  4027 | D:5      | Found a glowing golden altar of the Shining One.
  4199 | D:5      | You fall through a shaft for 2 floors!
  4222 | D:7      | Reached skill level 5 in Armour
  4411 | D:7      | Found a flagged portal.
  4417 | Bailey   | Entered a bailey
  4422 | Bailey   | Noticed an orc warlord
  4440 | Bailey   | XOM: mild Conj miscast
  4512 | Bailey   | XOM: mild Tmut miscast
  4518 | Bailey   | XOM: blink monster(s)
  4519 | Bailey   | XOM: blink monster(s)
  4542 | Bailey   | XOM: polymorph orc warrior -> ooze
  4568 | Bailey   | Found a runed gate.
  4569 | Bailey   | Found a runed gate.
  4570 | Bailey   | Found a runed gate.
  4654 | Bailey   | XOM: swap monsters
  4662 | Bailey   | XOM: scenery: 3 doors close
  4666 | Bailey   | Killed an orc warlord
  4666 | Bailey   | Reached skill level 5 in Fighting
  4666 | Bailey   | Reached skill level 8 in Axes
  4666 | Bailey   | Reached skill level 5 in Dodging
  4666 | Bailey   | Reached skill level 5 in Evocations
  4666 | Bailey   | Gained mutation: You passively map the area around you. [Deep Dwarf growth]
  4666 | Bailey   | Reached XP level 9. HP: 56/81 MP: 9/11
  4677 | Bailey   | Got a pitted plate armour
  4688 | Bailey   | Identified the cursed +1 plate armour of Manger {rPois Int+6 SInv} (You found it in a bailey)
  4701 | Bailey   | Reached skill level 11 in Axes
  4701 | Bailey   | Reached XP level 10. HP: 64/92 MP: 12/12
  4702 | Bailey   | Reached XP level 11. HP: 69/100 MP: 12/15
  4737 | Bailey   | XOM: divination: detect creatures
  4814 | D:6      | Found a shadowy altar of Dithmenos.
  5080 | D:5      | XOM: severe Conj miscast
  5217 | D:6      | Found a basalt altar of Yredelemnul.
  5382 | D:6      | XOM: 2-stop teleportation journey
  5491 | D:6      | XOM: god gift: 3 scrolls of teleportation
  5749 | D:6      | XOM: confuse monster(s)
  5934 | D:7      | XOM: 1-stop teleportation journey
  6029 | D:7      | XOM: god gift: lamp of fire
  6862 | D:8      | XOM: medium Necr miscast
  6879 | D:8      | Reached skill level 10 in Crossbows
  6946 | D:8      | Noticed wearedevo's ghost (novice HOMo)
  6954 | D:8      | XOM: confuse monster(s)
  6962 | D:8      | XOM: confuse monster(s)
  6966 | D:8      | Found a viscous altar of Jiyva.
  6966 | D:8      | XOM: swap monsters
  6968 | D:8      | Killed wearedevo's ghost
  6973 | D:8      | XOM: summons friendly crimson imp
  7034 | D:8      | Identified a scroll of acquirement
  7349 | D:9      | Found an opulent altar of Gozag.
  7351 | D:9      | Found a shadowy altar of Dithmenos.
  7351 | D:9      | Found an iron altar of Okawaru.
  7475 | D:9      | XOM: harmless Summ miscast
  7562 | D:9      | XOM: noise
  7633 | D:9      | Found a bloodstained altar of Trog.
  7973 | D:9      | XOM: silly message
  8046 | D:9      | XOM: harmless Divn miscast
  8149 | D:9      | Found a sacrificial altar of Ru.
  8149 | D:9      | Found a glowing golden altar of the Shining One.
  8223 | D:10     | Entered Level 10 of the Dungeon
  8285 | D:10     | XOM: enchant monster (good)
  8288 | D:10     | XOM: harmless Summ miscast
  8327 | D:10     | XOM is BORED!
  8327 | D:10     | XOM: give mutations
  8327 | D:10     | Gained mutation: Your flesh is heat resistant. (rF+) [Xom's mischief]
  8327 | D:10     | Gained mutation: You occasionally shout uncontrollably at your foes. [Xom's mischief]
  8327 | D:10     | Gained mutation: You are resistant to hostile enchantments. (MR+) [Xom's mischief]
  8327 | D:10     | Gained mutation: Your body sometimes deteriorates upon taking damage. [Xom's mischief]
  8335 | D:10     | Found a staircase to the Lair.
  8380 | D:10     | Noticed Grum
  8390 | D:10     | Killed Grum
  8431 | Lair:1   | Entered Level 1 of the Lair of Beasts
  8466 | Lair:1   | XOM: scenery: create altars
  8483 | Lair:1   | XOM: summons 3 hostile demons
  8538 | Lair:1   | XOM: divination: detect creatures
  8550 | Lair:1   | XOM: harmless Necr miscast
  8558 | Lair:1   | Reached XP level 12. HP: 32/110 MP: 15/15
  8560 | Lair:1   | XOM: cast spell 'Summon Ice Beast'
  8562 | Lair:1   | Slain by a blink frog

Vault maps used:
D:1:      sevenhm_arrival_forest_fort_large_4
D:2:      cheibriados_altar_1, first_bread
D:3:      portal_sewer_entry_f, grunt_ministairs_2
D:4:      uniq_edmund
D:5:      kennysheep_mini_moat, serial_shops, shop, nicolae_tso_carved_into_rock
D:6:      black_bear_nest_2, yredelemnul_altar_generic,
          nicolae_dithmenos_shadow_blocks
D:7:      kennysheep_kobold_camp, enter_bailey_2
D:8:      blue_anna_alchemist, jiyva_altar_1
D:9:      grunt_temple_overflow_open, gammafunk_temple_overflow_elements,
          basic_altar
D:10:     minmay_lair_entry_lava, uniq_grum, uniq_fannar
Lair:1:   st_stairs_10, grunt_megastairs_2
Sewer:    sewer_frog_island_02
Bailey:   bailey_axe_bossmonster_kennysheep, bailey

Skill      XL: |  1  2  3  4  5  6  7  8  9 10 11 |
---------------+----------------------------------+-----
Axes           | 4 5 6 7 8 11 | 11.8
Dodging        | 2 3 4 5 6 7 |  7.2
Fighting       | 3 4 5 6 7 8 |  8.0
Armour         | 3 4 5 7 8 9 |  9.1
Evocations     | 1 3 5 6 7 |  7.6
Crossbows      | 3 8 9 10 | 10.5

Action                   |  1- 3 |  4- 6 |  7- 9 | 10-12 || total
-------------------------+-------+-------+-------+-------++-------
Melee: Hand axe          |   114 |   277 |   243 |       ||   634
       War axe           |       |       |    58 |       ||    58
       Kick              |       |       |     3 |       ||     3
       Broad axe         |       |       |       |   356 ||   356
 Fire: Arbalest          |       |       |       |    31 ||    31
       Hand crossbow     |       |       |       |    11 ||    11
Throw: Tomahawk          |       |       |    21 |       ||    21
 Abil: Device Recharging |       |       |     1 |     1 ||     2
Evoke: Wand              |       |     3 |    20 |    15 ||    38
       Lamp of fire      |       |       |       |     1 ||     1
  Use: Scroll            |     7 |     2 |     6 |     9 ||    24
       Potion            |     3 |     2 |     6 |     7 ||    18
 Stab: Confused          |       |     1 |     4 |     2 ||     7
       Paralysed         |       |     1 |     1 |       ||     2
  Eat: Chunk             |     1 |     5 |     6 |    10 ||    22
       Royal jelly       |       |       |     1 |       ||     1
       Fruit             |       |       |       |     2 ||     2
Armor: Leather armour    |     2 |       |       |       ||     2
       Ring mail         |    59 |    70 |       |       ||   129
       Chain mail        |       |    37 |   131 |       ||   168
       Plate armour      |       |       |       |   280 ||   280
Dodge: Dodged            |    52 |   151 |   139 |   159 ||   501
